 Dungeon Crawl Stone Soup version 0.30-a0-772-g5528072125 (webtiles) character file.

Game seed: 12677657498768383375

711 browni3141 the Digger (level 8, -15/63 HPs)
             Began as a Meteoran Earth Elementalist on Feb 13, 2023.
             Killed by divine providence
             ... invoked by an orc priest
              (16 damage)
             ... on level 5 of the Dungeon.
             The game lasted 00:21:45 (1965 turns).

browni3141 the Digger (Meteoran Earth Elementalist) Turns: 1965, Time: 00:21:46

Health: -15/63     AC:  3    Str: 10    XL:     8   Next: 20%
Magic:  10/13      EV: 12    Int: 18    God:
Gold:   270        SH:  0    Dex: 15    Spells: 5/13 levels left

rFire   . . .      SeeInvis .    v - +3 falchion
rCold   . . .      Faith    .    (no shield)
rNeg    . . .      Spirit   .    x - +0 leather armour
rPois   .          Reflect  .    (no helmet)
rElec   .          Harm     .    (no cloak)
rCorr   .          Rampage  .    (no gloves)
Will    +....                    (no boots)
Stlth   +                        (no amulet)
HPRegen 0.30/turn                (no ring)
MPRegen 0.13/turn                (no ring)

@: lethally poisoned (-15 -> -17), glowing
A: sense surroundings 1, otherworldly, glowing, explore regen
a: no special abilities


You were on level 5 of the Dungeon.
You visited 1 branch of the dungeon, and saw 5 of its levels.

You collected 270 gold pieces.

Inventory:

Hand Weapons
 h - a +0 dagger
 s - a +3 flail of holy wrath
 u - a +0 long sword
 v - a +3 falchion (weapon)
Missiles
 g - 2 curare-tipped darts (quivered)
Armour
 a - a +0 robe
 r - a +3 chain mail of willpower
 w - a +0 ring mail
 x - a +0 leather armour (worn)
 y - a +0 ring mail of fire resistance
Magical Staves
 k - a staff of air
 p - a staff of conjuration
Scrolls
 c - a scroll of noise {unknown}
 i - 2 scrolls of blinking {unknown}
 j - 4 scrolls of identify {unknown}
 l - a scroll of teleportation {unknown}
 m - a scroll of poison {unknown}
 t - a scroll of fear {unknown}
Potions
 b - a potion of magic
 d - 3 potions of curing {unknown}
 e - a potion of brilliance
 f - a potion of might {unknown}
 n - a potion of cancellation {unknown}
 o - a potion of degeneration {unknown}
 q - 2 potions of flight {unknown}


   Skills:
 - Level 3.0 Fighting
 * Level 3.2 Armour
 - Level 3.0 Dodging
 - Level 1.4 Stealth
 * Level 3.0 Spellcasting
 - Level 3.0 Conjurations
 - Level 3.0 Translocations
 - Level 2.0 Transmutations
 * Level 7.4 Earth Magic


You had 5 spell levels left.
You knew the following spells:

 Your Spells              Type           Power      Damage    Failure   Level
a - Sandblast             Erth           58%        2d13      1%          1
b - Passwall              Tmut/Erth      15%        N/A       4%          2
c - Blink                 Tloc           26%        N/A       10%         2
d - Stone Arrow           Conj/Erth      42%        3d9       8%          3

Your spell library contained the following spells:

 Spells                   Type           Power      Damage    Failure   Level
 Lesser Beckoning         Tloc           26%        N/A       10%         2
 Momentum Strike          Conj/Tloc      26%        3d8       10%         2
 Gell's Gravitas          Tloc           13%        N/A       19%         3
 Teleport Other           Tloc           13%        N/A       19%         3
 Necrotise                Necr           8%         1d4       22%         1
 Petrify                  Tmut/Erth      19%        N/A       30%         4
 Dazzling Flash           Conj/Hex       16%        N/A       34%         3
 Portal Projectile        Hex/Tloc       16%        N/A       34%         3
 Leda's Liquefaction      Hex/Erth       8%         N/A       43%         4
 Iskenderun's Mystic Bla  Conj/Tloc      13%        2d5       52%         4
 Call Canine Familiar     Summ           2%         N/A       54%         3
 Vampiric Draining        Necr           2%         2d6       54%         3
 Agony                    Necr           2%         N/A       99%         5
 Starburst                Conj/Fire      4%         6d3       100%        6


Dungeon Overview and Level Annotations

Branches:
Dungeon (5/15) Zot: 970
 Temple: D:4-7

Altars:
Dithmenos
Uskayaw


Innate Abilities, Weirdness & Mutations

You passively map a small area around you.
You are easily found by Zot.
You glow in the dark.
You regain HP and MP as you explore.


Message History

Aim: a scorpion (almost dead, 59% to hit)
You throw a curare-tipped dart.
The curare-tipped dart hits the scorpion.
The scorpion is poisoned.
The scorpion convulses.
You kill the scorpion!
* * * LOW HITPOINT WARNING * * *
You feel very sick.
A jackal comes into view.
Your Spellcasting skill increases to level 3!
Unknown command.
Throw: 3 darts (curare)
Press: ? - help, Q - select action, (/) - cycle Shift-Dir - straight line, f - orc priest
Aim: an orc priest, wielding a +0 club (59% to hit)
You throw a curare-tipped dart.
The curare-tipped dart hits the orc priest.
The orc priest is poisoned.
The orc priest convulses.
The orc priest seems to slow down.
The orc priest is severely wounded.
The jackal barks!
* * * LOW HITPOINT WARNING * * *
You feel very sick.
The orc priest looks encouraged for a moment.
* * * LOW HITPOINT WARNING * * *
You feel very sick.
Your magical contamination has completely faded away.
* * * LOW HITPOINT WARNING * * *
You feel very sick.
* * * LOW HITPOINT WARNING * * *
You feel very sick.
* * * LOW HITPOINT WARNING * * *
You feel sick.
The orc priest looks encouraged for a moment.
* * * LOW HITPOINT WARNING * * *
You feel sick.
* * * LOW HITPOINT WARNING * * *
You feel sick.
The orc priest complains repeatedly.
The orc priest mumbles some strange prayers to Beogh against you.
Beogh smites you!
You die...

...+....##≈≈.♣♣≈...≈*♣^≈≈###
≈≈≈###..#≈≈.♣♣≈.....~*♣.≈≈
≈≈≈#.†..#≈.h.o..h.[. ,,..≈
≈≈≈#.#..#≈≈o♣♣≈..... ≈≈
≈≈##.#####≈≈.♣♣≈.?.≈*
≈###.....##≈≈.♣♣≈.≈♣*
######....##≈≈.♣♣♣♣♣, , *
#.h..#.....##≈≈.♣♣ ~~*
..##........##≈≈@♣ ~ ,
.####........##≈≈.≈≈# , , ##
#.h..!....##≈.≈##, #
#.......#'###+## *,
#.......#.# .# *..
#.....#.#.####.###..,
#...................
#...................
######..............


You could see an orc priest (poisoned, slow) and a jackal.

Vanquished Creatures
  Edmund (D:5)
  A black bear (D:5)
  An ogre (D:4)
  2 scorpions (D:5)
  A wight (D:5)
  2 howler monkeys
  A hound (D:4)
  3 gnolls (D:5)
  4 adders
  An ufetubus (D:5)
  3 worms
  A dart slug (D:4)
  7 orcs
  5 endoplasms
  2 giant cockroaches
  7 goblins
  9 hobgoblins
  4 jackals
  2 quokkas
  4 ball pythons
  A bat (D:1)
  A frilled lizard (D:2)
  8 kobolds
  4 rats
75 creatures vanquished.

Notes
Turn   | Place    | Note
-------+----------+-------------------------------------------
     0 | D:1      | browni3141 the Meteoran Earth Elementalist began the quest
                  | for the Orb.
     0 | D:1      | Reached XP level 1. HP: 14/14 MP: 5/5
    78 | D:1      | Reached skill level 4 in Earth Magic
   113 | D:1      | Reached XP level 2. HP: 20/20 MP: 4/6
   211 | D:1      | Learned a level 2 spell: Passwall
   214 | D:1      | Learned a level 2 spell: Blink
   336 | D:2      | Reached XP level 3. HP: 26/26 MP: 4/8
   393 | D:2      | Reached skill level 1 in Translocations
   755 | D:2      | Reached XP level 4. HP: 33/33 MP: 7/9
   786 | D:2      | Reached skill level 5 in Earth Magic
   972 | D:3      | Learned a level 3 spell: Stone Arrow
  1011 | D:3      | Found a hide-covered altar of Uskayaw.
  1011 | D:3      | Found a shadowy altar of Dithmenos.
  1047 | D:3      | Reached XP level 5. HP: 38/38 MP: 6/10
  1204 | D:4      | Reached skill level 1 in Fighting
  1214 | D:4      | Reached XP level 6. HP: 35/48 MP: 4/11
  1292 | D:4      | Noticed an ogre
  1309 | D:4      | Killed an ogre
  1310 | D:4      | Reached skill level 6 in Earth Magic
  1518 | D:5      | Entered Level 5 of the Dungeon
  1538 | D:5      | HP: 2/51 [poisoned by a scorpion]
  1569 | D:5      | Noticed Edmund
  1588 | D:5      | Killed Edmund
  1589 | D:5      | Reached XP level 7. HP: 57/57 MP: 0/12
  1603 | D:5      | Reached skill level 1 in Armour
  1849 | D:5      | Reached XP level 8. HP: 39/63 MP: 7/13
  1921 | D:5      | Reached skill level 7 in Earth Magic
  1964 | D:5      | HP: 3/63 [poisoned by a scorpion]
  1965 | D:5      | HP: 1/63 [poisoned by a scorpion]
  1965 | D:5      | Killed from afar by an orc priest

Illustrated notes

Levels and vault maps discovered:
D:1:      psy_arrival_basics, layout_basic, basic_ecumenical_altar
D:2:      layout_loops_ring
D:3:      layout_rooms, chequers_temple_overflow_statue_of_worship,
          minmay_statues_item
D:4:      layout_loops_ring, serial_shops, shop
D:5:      kennysheep_big_flooded_room, layout_basic, kennysheep_diamond,
          uniq_edmund

Skill      XL: |  1  2  3  4  5  6  7  8 |
---------------+-------------------------+-----
Earth Magic    | 4 5 6 7 |  7.4
Translocations | 1 2 3 |  3.0
Transmutations | 2 |  2.0
Fighting       | 1 3 |  3.0
Dodging        | 3 |  3.0
Conjurations   | 3 |  3.0
Armour         | 3 |  3.2
Spellcasting   | 3 |  3.0
Stealth        | |  1.4

Action                     |  1- 3 |  4- 6 |  7- 9 || total
---------------------------+-------+-------+-------++-------
  Melee: Unarmed           |     1 |       |       ||     1
         Falchion          |       |       |     2 ||     2
         Long sword        |       |       |     1 ||     1
  Throw: Dart              |       |       |     3 ||     3
   Cast: Sandblast         |    40 |    68 |    21 ||   129
         Passwall          |     3 |     1 |       ||     4
         Blink             |     1 |     7 |     1 ||     9
         Stone Arrow       |       |     6 |     2 ||     8
    Use: Potion            |       |     2 |       ||     2
 Armour: Robe              |     3 |     5 |     1 ||     9
         Leather armour    |       |       |     1 ||     1
  Dodge: Dodged            |     9 |    22 |    24 ||    55

Table legend: (Time is in decaauts)
 A = Elapsed time spent in this place.
 B = Non-inter-level travel time spent in this place.
 C = Inter-level travel time spent in this place.
 D = Time resting spent in this place.
 E = Time spent auto-exploring this place.
 F = Levels seen in this place.
 G = Mean time per level.
                   A        B        C        D        E       F      G
               +--------+--------+--------+--------+--------+-----+--------+
         Total |   2028 |   1992 |     36 |      0 |      0 |   5 |  405.6 |
       Dungeon |   2028 |   1992 |     36 |      0 |      0 |   5 |  405.6 |
               +--------+--------+--------+--------+--------+-----+--------+

Top non-repeatable levels by time:
     D:1: 545 daAuts
     D:5: 462 daAuts
     D:2: 382 daAuts
     D:4: 337 daAuts
     D:3: 301 daAuts
